AoeStats
← Barón de la Cerveza

Hideout

508333477Analyzed
1v1 RM · 11d ago on Sep 22, 2026· 15m 6s· 2 players
Game mode
Random Map
Map size
Tiny (2 player)
Population
200
Speed
Normal
Resources
Standard
Victory
Conquest
Starting age
Dark Age
Ending age
Imperial Age
RankedLock teamsTeams togetherTeam positionsShared explorationLock speedFull tech treeHidden civsTurbo modeCheats
Victory
Defeat
🇲🇽 Khmer · Mexico
1898
+12
🇦🇷 Malians · Argentina
1813
-12
ram0ff
8:20 Feudal Age
8:28 Man-at-Arms
9:27 Double-Bit Axe
Barón de la Cerveza
9:59 Feudal Age
10:38 Loom
14:41 Castle Age
13:29 Horse Collar
14:59 Double-Bit Axe
Connection lost

Rejoining the realm…

Still unreachable

The connection could not be restored.

Session expired

The server has moved on; the page needs a fresh start.